General information
- name: BNet
- type: Ladder team game (AT/RT)
- host: Battle.net
- saver: Lord_Kamakazie
map: GolemsInTheMist
- players: 8
- length: 37:03
- speed: Fast
- version: 1.26 W3XP
- replay type: Public
» download(282 KB)
Players
team 1 (winner)

»
manplay (
yellow | 93 APM | 3344 actions | 36:03)
3 Archmage
2 Summon Water Elemental
1 Brilliance Aura
2 Mountain King
1 Storm Bolt
1 Thunder Clap
» actions
| Assign group hotkey | 331 | |
| Basic commands | 325 | |
| Build / train | 73 | |
| ESC pressed | 3 | |
| Enter build submenu | 29 | |
| Enter hero's abilities submenu | 6 | |
| Give item / drop item | 2 | |
| Remove unit from queue | 2 | |
| Right click | 910 | |
| Select / deselect | 513 | |
| Select group hotkey | 1040 | |
| Use ability | 110 | |
3344 total
» units
| Peasant | 13 | |
| Footman | 13 | |
| Sorceress | 5 | |
| Priest | 2 | |
| Mortar Team | 5 | |
| Spell Breaker | 1 | |
39 total
» upgrades
| Defend | 0 | |
| Lumber Harvesting | 1 | |
| Masonry | 1 | |
2 total
» buildings
| Altar of Kings | 1 | |
| Farm | 11 | |
| Barracks | 1 | |
| Scout Tower | 6 | |
| Arcane Tower | 4 | |
| Arcane Vault | 1 | |
| Keep | 1 | |
| Lumber Mill | 1 | |
| Castle | 3 | |
| Guard Tower | 2 | |
| Arcane Sanctum | 2 | |
| Blacksmith | 1 | |
| Workshop | 1 | |
| Town Hall | 1 | |
36 total
» build order
00:04 Altar of Kings
00:09 Farm
00:23 Barracks
00:40 Farm
01:39 Scout Tower
01:51 Farm
02:09 Arcane Tower
02:09 Arcane Tower
02:09 Arcane Tower
02:56 Farm
03:25 Farm
03:40 Arcane Vault
04:24 Keep
06:14 Lumber Mill
06:21 Scout Tower
07:25 Castle
07:25 Castle
07:29 Guard Tower
07:39 Farm
08:11 Arcane Sanctum
08:13 Arcane Sanctum
08:20 Blacksmith
09:32 Farm
10:25 Farm
10:27 Farm
11:04 Workshop
11:46 Farm
13:45 Scout Tower
13:46 Scout Tower
13:48 Scout Tower
13:49 Scout Tower
14:23 Guard Tower
17:32 Town Hall
19:47 Farm
» items
| Scroll of Regeneration | 2 | |
| Lesser Clarity Potion | 1 | |
| Scroll of Town Portal | 2 | |
| Potion of Healing | 1 | |
6 total
RexteK (
green | 97 APM | 3540 actions | 36:23)
5 Death Knight
3 Death Coil
2 Unholy Aura
4 Lich
2 Frost Nova
2 Dark Ritual
3 Crypt Lord
2 Impale
1 Spiked Carapace
» actions
| Assign group hotkey | 28 | |
| Basic commands | 194 | |
| Build / train | 53 | |
| Enter build submenu | 15 | |
| Enter hero's abilities submenu | 12 | |
| Give item / drop item | 7 | |
| Remove unit from queue | 2 | |
| Right click | 1897 | |
| Select / deselect | 715 | |
| Select group hotkey | 540 | |
| Use ability | 77 | |
3540 total
» units
| Acolyte | 8 | |
| Ghoul | 3 | |
| Crypt Fiend | 6 | |
| Frost Wyrm | 3 | |
20 total
» upgrades
| Web | 1 | |
| Burrow | 1 | |
| Freezing Breath | 1 | |
3 total
» buildings
| Graveyard | 1 | |
| Crypt | 1 | |
| Altar of Darkness | 1 | |
| Ziggurat | 6 | |
| Tomb of Relics | 1 | |
| Nerubian Tower | 1 | |
| Halls of the Dead | 1 | |
| Black Citadel | 1 | |
| Sacrificial Pit | 1 | |
| Boneyard | 2 | |
| Spirit Tower | 1 | |
17 total
» build order
00:12 Graveyard
00:17 Crypt
00:48 Altar of Darkness
01:00 Ziggurat
01:20 Tomb of Relics
01:52 Ziggurat
02:49 Nerubian Tower
04:41 Ziggurat
05:21 Halls of the Dead
06:02 Ziggurat
07:56 Black Citadel
08:23 Sacrificial Pit
09:18 Ziggurat
10:41 Boneyard
10:44 Boneyard
12:08 Ziggurat
17:52 Spirit Tower
» items
| Rod of Necromancy | 1 | |
| Dust of Appearance | 2 | |
| Scroll of Town Portal | 1 | |
| Potion of Healing | 1 | |
| Scroll of Regeneration | 1 | |
| Lesser Clarity Potion | 1 | |
| Orb of Corruption | 1 | |
8 total

»
ffb (
blue | 67 APM | 2463 actions | 37:01)
5 Warden
3 Shadow Strike
2 Blink
4 Keeper of the Grove
2 Entangling Roots
2 Thorns Aura
» actions
| Assign group hotkey | 19 | |
| Basic commands | 213 | |
| Build / train | 59 | |
| Enter build submenu | 17 | |
| Enter hero's abilities submenu | 9 | |
| Remove unit from queue | 10 | |
| Right click | 1026 | |
| Select / deselect | 397 | |
| Select group hotkey | 623 | |
| Use ability | 90 | |
2463 total
» units
» upgrades
| Strength of the Wild | 3 | |
| Abolish Magic | 1 | |
| Reinforced Hides | 1 | |
5 total
» buildings
| Altar of Elders | 1 | |
| Moon Well | 7 | |
| Tree of Ages | 2 | |
| Hunter's Hall | 1 | |
| Ancient of Lore | 2 | |
| Tree of Eternity | 2 | |
| Ancient of Wonders | 3 | |
| Ancient of Wind | 1 | |
19 total
» build order
00:03 Altar of Elders
00:05 Moon Well
01:50 Tree of Ages
02:13 Hunter's Hall
02:26 Moon Well
02:39 Moon Well
02:57 Moon Well
04:13 Ancient of Lore
04:27 Ancient of Lore
08:12 Moon Well
08:15 Tree of Eternity
08:22 Ancient of Wonders
08:25 Ancient of Wonders
08:27 Ancient of Wonders
08:58 Moon Well
11:17 Ancient of Wind
12:17 Moon Well
» items
| Orb of Fire | 1 | |
| Scroll of Regeneration | 1 | |
| Scroll of Town Portal | 1 | |
| Scroll of Healing | 1 | |
4 total
Lord_Kamakazie (
red | 66 APM | 2446 actions | 37:03)
4 Mountain King
2 Storm Bolt
2 Bash
3 Paladin
2 Holy Light
1 Divine Shield
» actions
| Assign group hotkey | 32 | |
| Basic commands | 114 | |
| Build / train | 59 | |
| Enter build submenu | 25 | |
| Enter hero's abilities submenu | 7 | |
| Give item / drop item | 1 | |
| Remove unit from queue | 1 | |
| Right click | 1443 | |
| Select / deselect | 241 | |
| Select group hotkey | 467 | |
| Use ability | 56 | |
2446 total
» units
| Peasant | 10 | |
| Footman | 7 | |
| Rifleman | 1 | |
| Gryphon Rider | 17 | |
35 total
» upgrades
| Storm Hammers | 1 | |
| Animal War Training | 1 | |
| Swords | 3 | |
| Armor | 4 | |
9 total
» buildings
| Altar of Kings | 1 | |
| Farm | 13 | |
| Barracks | 1 | |
| Scout Tower | 1 | |
| Arcane Tower | 1 | |
| Blacksmith | 1 | |
| Arcane Vault | 1 | |
| Keep | 1 | |
| Lumber Mill | 1 | |
| Castle | 1 | |
| Gryphon Aviary | 8 | |
| Town Hall | 1 | |
31 total
» build order
00:04 Altar of Kings
00:22 Farm
00:37 Barracks
00:52 Farm
01:53 Scout Tower
02:00 Farm
02:20 Arcane Tower
02:42 Blacksmith
03:01 Arcane Vault
03:47 Keep
04:51 Farm
04:51 Farm
04:54 Lumber Mill
06:40 Castle
07:13 Gryphon Aviary
07:14 Gryphon Aviary
09:46 Farm
09:46 Farm
11:41 Farm
11:41 Farm
12:22 Farm
13:26 Farm
13:34 Farm
21:55 Town Hall
28:08 Farm
35:03 Gryphon Aviary
35:04 Gryphon Aviary
35:05 Gryphon Aviary
35:06 Gryphon Aviary
35:08 Gryphon Aviary
35:09 Gryphon Aviary
» items
team 2 (loser)
KaiserSosay (
teal | 62 APM | 952 actions | 15:16)
4 Shadow Hunter
2 Serpent Ward
2 Healing Wave
» actions
| Assign group hotkey | 83 | |
| Basic commands | 2 | |
| Build / train | 33 | |
| Enter build submenu | 14 | |
| Enter hero's abilities submenu | 4 | |
| Right click | 466 | |
| Select / deselect | 261 | |
| Select group hotkey | 38 | |
| Use ability | 51 | |
952 total
» units
» upgrades
| Armor | 2 | |
| Melee Weapons | 1 | |
| Ranged Weapons | 1 | |
| Envenomed Spears | 1 | |
5 total
» buildings
| Barracks | 1 | |
| Altar of Storms | 1 | |
| Orc Burrow | 5 | |
| War Mill | 1 | |
| Watch Tower | 2 | |
| Stronghold | 1 | |
| Fortress | 1 | |
| Beastiary | 2 | |
| Spirit Lodge | 1 | |
| Voodoo Lounge | 1 | |
16 total
» build order
00:48 Barracks
00:50 Altar of Storms
00:52 Orc Burrow
01:06 Orc Burrow
01:51 War Mill
02:48 Orc Burrow
04:27 Watch Tower
04:30 Watch Tower
05:59 Stronghold
06:01 Orc Burrow
08:31 Fortress
08:34 Beastiary
08:35 Beastiary
09:47 Orc Burrow
10:49 Spirit Lodge
13:54 Voodoo Lounge

»
Perfect.Dark- (
purple | 49 APM | 1137 actions | 23:17)
4 Tauren Chieftain
2 Shockwave
2 Endurance Aura
2 Shadow Hunter
1 Healing Wave
1 Hex
» actions
| Basic commands | 98 | |
| Build / train | 63 | |
| Enter build submenu | 14 | |
| Enter hero's abilities submenu | 8 | |
| Give item / drop item | 3 | |
| Remove unit from queue | 3 | |
| Right click | 562 | |
| Select / deselect | 347 | |
| Use ability | 39 | |
1137 total
» units
| Peon | 7 | |
| Troll Headhunter/Berserker | 16 | |
| Demolisher | 6 | |
| Goblin Shredder | 1 | |
| Troll Witch Doctor | 6 | |
36 total
» upgrades
| Ranged Weapons | 1 | |
| Armor | 2 | |
| Troll Regeneration | 1 | |
| Witch Doctor Training | 2 | |
| Berserker Upgrade | 1 | |
| Burning Oil | 1 | |
8 total
» buildings
| Altar of Storms | 1 | |
| Orc Burrow | 6 | |
| War Mill | 1 | |
| Barracks | 2 | |
| Voodoo Lounge | 1 | |
| Stronghold | 1 | |
| Watch Tower | 1 | |
| Spirit Lodge | 1 | |
| Fortress | 1 | |
15 total
» build order
00:15 Altar of Storms
00:17 Orc Burrow
01:15 War Mill
01:31 Barracks
01:44 Orc Burrow
02:02 Barracks
02:32 Voodoo Lounge
03:44 Orc Burrow
05:16 Stronghold
07:01 Watch Tower
07:53 Spirit Lodge
08:00 Orc Burrow
09:15 Fortress
09:57 Orc Burrow
13:39 Orc Burrow
» items
| Healing Salve | 1 | |
| Potion of Healing | 2 | |
| Scroll of Town Portal | 2 | |
5 total
BoomRoasted (
orange | 51 APM | 1902 actions | 37:01)
4 Archmage
2 Summon Water Elemental
2 Brilliance Aura
» actions
| Assign group hotkey | 43 | |
| Basic commands | 80 | |
| Build / train | 89 | |
| ESC pressed | 6 | |
| Enter build submenu | 24 | |
| Enter hero's abilities submenu | 4 | |
| Right click | 719 | |
| Select / deselect | 377 | |
| Select group hotkey | 425 | |
| Use ability | 135 | |
1902 total
» units
| Peasant | 15 | |
| Footman | 14 | |
| Priest | 3 | |
| Spell Breaker | 8 | |
| Siege Engine | 6 | |
| Knight | 1 | |
| Rifleman | 3 | |
| Mortar Team | 1 | |
51 total
» upgrades
| Defend | 1 | |
| Swords | 1 | |
| Plating | 1 | |
| Priest Training | 2 | |
| Barrage | 1 | |
| Animal War Training | 1 | |
| Control Magic | 1 | |
| Long Rifles | 1 | |
| Gunpowder | 1 | |
10 total
» buildings
| Altar of Kings | 2 | |
| Farm | 11 | |
| Barracks | 2 | |
| Scout Tower | 1 | |
| Arcane Tower | 2 | |
| Arcane Vault | 2 | |
| Lumber Mill | 1 | |
| Keep | 3 | |
| Blacksmith | 1 | |
| Arcane Sanctum | 1 | |
| Workshop | 1 | |
| Castle | 2 | |
29 total
» build order
00:06 Altar of Kings
00:10 Farm
00:16 Barracks
00:56 Farm
01:31 Scout Tower
01:53 Farm
02:03 Arcane Tower
02:27 Barracks
02:37 Arcane Vault
03:15 Lumber Mill
04:31 Arcane Vault
04:55 Farm
05:45 Keep
05:45 Keep
05:51 Blacksmith
06:47 Farm
07:56 Farm
08:57 Arcane Sanctum
09:01 Workshop
09:38 Castle
09:39 Castle
11:45 Farm
13:20 Farm
20:41 Altar of Kings
22:17 Farm
22:21 Farm
22:21 Farm
» items
| Scroll of Regeneration | 2 | |
| Lesser Clarity Potion | 2 | |
| Scroll of Town Portal | 1 | |
5 total

»
sc2no.wc4yes (
pink | 77 APM | 2852 actions | 37:01)
9 Blood Mage
3 Flame Strike
3 Siphon Mana
1 Summon Phoenix
2 Banish
» actions
| Assign group hotkey | 99 | |
| Basic commands | 254 | |
| Build / train | 82 | |
| ESC pressed | 5 | |
| Enter build submenu | 27 | |
| Enter hero's abilities submenu | 9 | |
| Give item / drop item | 3 | |
| Right click | 940 | |
| Select / deselect | 231 | |
| Select group hotkey | 1067 | |
| Use ability | 135 | |
2852 total
» units
| Peasant | 14 | |
| Goblin Shredder | 1 | |
| Gryphon Rider | 13 | |
28 total
» upgrades
| Masonry | 3 | |
| Swords | 3 | |
| Armor | 3 | |
| Storm Hammers | 1 | |
| Animal War Training | 1 | |
11 total
» buildings
| Altar of Kings | 1 | |
| Farm | 15 | |
| Lumber Mill | 1 | |
| Keep | 1 | |
| Town Hall | 1 | |
| Blacksmith | 1 | |
| Castle | 1 | |
| Gryphon Aviary | 4 | |
| Barracks | 1 | |
| Arcane Vault | 1 | |
| Scout Tower | 27 | |
| Guard Tower | 11 | |
65 total
» build order
00:33 Altar of Kings
00:37 Farm
01:17 Farm
01:26 Lumber Mill
01:54 Farm
03:54 Keep
03:56 Farm
04:51 Farm
04:55 Town Hall
05:21 Blacksmith
06:27 Castle
07:32 Gryphon Aviary
07:32 Gryphon Aviary
07:34 Gryphon Aviary
07:34 Gryphon Aviary
08:00 Farm
08:01 Farm
08:01 Farm
08:03 Farm
08:08 Farm
08:08 Farm
10:44 Barracks
12:57 Arcane Vault
16:30 Farm
16:30 Farm
16:30 Farm
18:20 Scout Tower
18:20 Scout Tower
18:21 Scout Tower
18:21 Scout Tower
18:21 Scout Tower
18:21 Scout Tower
18:22 Scout Tower
18:22 Scout Tower
18:22 Scout Tower
18:22 Scout Tower
18:23 Scout Tower
18:23 Scout Tower
18:23 Scout Tower
18:24 Scout Tower
18:24 Scout Tower
18:25 Scout Tower
18:25 Scout Tower
18:54 Guard Tower
19:23 Guard Tower
19:29 Guard Tower
19:56 Guard Tower
19:57 Guard Tower
20:27 Guard Tower
20:51 Guard Tower
20:52 Guard Tower
20:59 Guard Tower
20:59 Guard Tower
30:20 Farm
» items
| Lesser Clarity Potion | 3 | |
| Healing Salve | 5 | |
| Scroll of Town Portal | 5 | |
| Scroll of Speed | 2 | |
| Staff of Sanctuary | 1 | |
| Scroll of Regeneration | 2 | |
18 total
Chat log
(00:06 / Allies) RexteK: we win.
(00:15 / Allies) ffb: why thats
(00:32 / All) manplay: gl
(00:33 / Allies) Lord_Kamakazie: hio
(02:32 / Allies) Lord_Kamakazie: how r u rex
(02:41 / Allies) RexteK: GOOD U?
(02:44 / Allies) RexteK: sry caps
(02:48 / Allies) Lord_Kamakazie: pretty great u know
(02:54 / Allies) Lord_Kamakazie: playing dat rt
(02:59 / All) Perfect.Dark-: haha
(03:02 / All) Perfect.Dark-: sry
(03:44 / Allies) Lord_Kamakazie: lol scoutfarm
(03:53 / Allies) ffb: towerrrs
(04:06 / All) Lord_Kamakazie: dont
(04:23 / All) Lord_Kamakazie: haha pce
(05:15 / Allies) Lord_Kamakazie: am
(05:16 / Allies) Lord_Kamakazie: am
(05:45 / Allies) manplay: pink tech
(06:01 / Allies) Lord_Kamakazie: need to heal my feetmen
(06:34 / Allies) Lord_Kamakazie: lol
(06:38 / Allies) manplay: tech
(07:19 / Allies) manplay: bm
(07:19 / Allies) manplay: bm
(07:48 / Allies) manplay: b
(07:50 / Allies) manplay: heal and go
(08:46 / Allies) Lord_Kamakazie: may i have 100 lumber
(08:53 / Allies) Lord_Kamakazie: ty
(09:21 / Allies) manplay: pink get tankl
(10:30 / Allies) RexteK: wood?
(10:45 / Allies) RexteK: ty
(11:13 / Allies) ffb: lotta air
(11:31 / Allies) ffb: regroup and hit
(11:40 / Allies) manplay: go?
(12:00 / 9) sc2no.wc4yes: go rape our top guys burrows
(12:30 / Allies) ffb: tp
(12:30 / Allies) ffb: gp
(12:31 / Allies) ffb: gogogo
(13:26 / Allies) ffb: reapir
(14:06 / Allies) manplay: kill steal
(14:37 / 9) sc2no.wc4yes: yeah
(14:39 / 9) sc2no.wc4yes: let ur team weaken up some
(14:44 / 9) sc2no.wc4yes: i would have no probnlems tking mine
(14:45 / 9) sc2no.wc4yes: dont help them attk
(15:26 / All) BoomRoasted: pink
(15:36 / Allies) ffb: fight
(15:38 / Allies) manplay: lo
(15:45 / Allies) manplay: 1
(16:39 / 9) sc2no.wc4yes: my allies are bithcinghard at me
(16:53 / Allies) ffb: heals red
(16:57 / Allies) ffb: always hear your allys heros
(16:58 / Allies) ffb: durr
(17:11 / Allies) RexteK: alter
(17:13 / 10) Lord_Kamakazie: mine were mad because i kept walking backa nd forth watching them fight
(17:19 / 9) sc2no.wc4yes: lol
(17:31 / 9) sc2no.wc4yes: my team is armyless
(17:47 / Allies) RexteK: tp
(17:48 / 10) Lord_Kamakazie: dont have tp
(17:49 / Allies) RexteK: if ya can
(17:50 / 10) Lord_Kamakazie: x
(18:01 / Allies) Lord_Kamakazie: cant
(18:04 / 10) Lord_Kamakazie: green doesnt either
(19:09 / Allies) ffb: save red
(19:11 / Allies) ffb: use your tps
(19:15 / All) BoomRoasted: yeah ummm
(19:18 / Allies) ffb: who needs tp
(19:20 / Allies) RexteK: i ahv no tp
(19:20 / All) BoomRoasted: pink actually makes me angry
(19:25 / Allies) RexteK: i do
(19:29 / All) Lord_Kamakazie: pinks the only good player on your team....
(19:46 / Allies) ffb: who needs tp to save red
(19:47 / All) BoomRoasted: stats us, I'm not exactly bad.
(19:51 / Allies) RexteK: me
(19:54 / All) BoomRoasted: He straight teched w expo
(20:02 / All) BoomRoasted: of course he seems dope
(20:40 / All) Lord_Kamakazie: maybe if u guys helped him more
(20:41 / 9) sc2no.wc4yes: start tking now
(20:43 / 9) sc2no.wc4yes: and ill tk my last guy
(20:49 / 9) sc2no.wc4yes: after they are all sad for a while ill give you win
(20:52 / All) BoomRoasted: how? covering his ass? when he was teching? check.
(20:54 / Allies) manplay: get exp
(21:05 / All) BoomRoasted: not taking advice from someone with your rec./
(21:10 / Allies) RexteK: carefuil
(21:12 / Allies) manplay: oO
(21:15 / Allies) ffb: i am micro go
(21:16 / Allies) ffb: d
(21:22 / Allies) manplay: lol red
(21:27 / 10) Lord_Kamakazie: teehee
(21:29 / Allies) ffb: wtf?
(21:31 / Allies) manplay: patetic player
(21:43 / Allies) Lord_Kamakazie: teehee
(21:48 / 10) Lord_Kamakazie: poor yellow
(22:00 / Allies) manplay: get a hand noob
(22:11 / 10) Lord_Kamakazie: i have 2 hans
(22:13 / 10) Lord_Kamakazie: hands*
(22:15 / 9) sc2no.wc4yes: web rapes me
(22:16 / 10) Lord_Kamakazie: oops
(23:17 / Allies) RexteK: come
(23:51 / Allies) manplay: red noob kill my sorc for slow
(24:01 / 10) Lord_Kamakazie: come back warden
(24:01 / Allies) ffb: :(
(24:04 / Allies) Lord_Kamakazie: come back!
(24:06 / Allies) ffb: i will offer u muffins
(24:15 / Allies) Lord_Kamakazie: accepted
(24:22 / Allies) manplay: red friend pink
(24:25 / Allies) manplay: = loser
(24:28 / Allies) Lord_Kamakazie: lol
(24:30 / Allies) RexteK: can we win
(24:31 / Allies) RexteK: now
(24:52 / 10) Lord_Kamakazie: if yellow keeps ragign ill save the replay for u
(25:08 / Allies) manplay: hall
(25:29 / Allies) RexteK: why woint u fight
(25:40 / Allies) Lord_Kamakazie: why wont u
(25:41 / Allies) RexteK: not at towers
(25:42 / Allies) Lord_Kamakazie: :(
(25:54 / Allies) manplay: gg
(25:56 / Allies) manplay: red is a noob
(25:59 / Allies) ffb: :(
(26:07 / Allies) Lord_Kamakazie: :(
(26:12 / All) sc2no.wc4yes: whichever team
(26:14 / Allies) Lord_Kamakazie: have some gold
(26:18 / All) sc2no.wc4yes: says "please lord master let me win"
(26:18 / Allies) RexteK: whats goin on man?
(26:20 / All) sc2no.wc4yes: the most times
(26:21 / All) sc2no.wc4yes: gets the win
(26:31 / All) BoomRoasted: please lord master let me win
(26:31 / All) ffb: brb whacking off
(26:33 / All) BoomRoasted: hahahha
(26:33 / Allies) Lord_Kamakazie: me and sc2 messing around
(26:57 / 9) sc2no.wc4yes: our mage is alive again
(26:58 / 9) sc2no.wc4yes: the arch mage
(27:00 / 9) sc2no.wc4yes: up top right
(27:22 / 10) Lord_Kamakazie: blue has no heroes :(
(27:26 / 10) Lord_Kamakazie: wonder where they went
(27:45 / 9) sc2no.wc4yes: i wish i had trained a level of banish
(28:11 / All) manplay: fan on in wc3
(28:16 / All) manplay: rextek
(28:16 / 10) Lord_Kamakazie: ok
(28:18 / 9) sc2no.wc4yes: tell ur guys not to attack me
(28:22 / Allies) manplay: and noob_kamikaze
(28:25 / 10) Lord_Kamakazie: they wont
(28:29 / All) manplay: and noob_kamikaze
(28:32 / 10) Lord_Kamakazie: blue and green are dead
(28:36 / 10) Lord_Kamakazie: yellow and blue*
(28:51 / Allies) manplay: lol
(29:00 / Allies) manplay: retard green
(29:07 / Allies) manplay: and noob red
(29:10 / All) Lord_Kamakazie: stop it
(29:11 / Allies) manplay: no get win
(29:14 / Allies) manplay: get a loser
(29:23 / All) Lord_Kamakazie: stop it plz
(29:30 / Allies) manplay: leave
(29:35 / 10) Lord_Kamakazie: why would i leave
(29:39 / 10) Lord_Kamakazie: oops
(29:43 / Allies) Lord_Kamakazie: why would i leave
(30:08 / All) Lord_Kamakazie: told you to stop
(30:09 / All) Lord_Kamakazie: :(
(30:35 / 9) sc2no.wc4yes: we need ur guys to become demoralized
(30:36 / 10) Lord_Kamakazie: blue green and yellow are completely out of it
(31:46 / All) Lord_Kamakazie: im in the
(31:50 / All) Lord_Kamakazie: 3v3 tourney finals
(31:54 / All) Lord_Kamakazie: and my teams still
(31:56 / All) Lord_Kamakazie: not back
(31:57 / All) Lord_Kamakazie: wtf
(31:59 / All) Lord_Kamakazie: is this
(32:04 / All) sc2no.wc4yes: when is the final
(32:08 / All) Lord_Kamakazie: 30 mins
(32:39 / 10) Lord_Kamakazie: we matched ne/ne/ud maphackers and lost and still got finals with 0-1
(32:47 / 9) sc2no.wc4yes: lol what
(32:53 / 9) sc2no.wc4yes: 0-1 makes finals?
(32:56 / 10) Lord_Kamakazie: yeah go look at tourney page
(32:57 / 10) Lord_Kamakazie: LOL
(33:05 / 9) sc2no.wc4yes: i know on west tourneys
(33:09 / 9) sc2no.wc4yes: 2v2 finals doesnt evwen fill up
(33:38 / 10) Lord_Kamakazie: jesus
(33:39 / 10) Lord_Kamakazie: lol
(33:43 / 9) sc2no.wc4yes: maybe if u get your army killed
(33:46 / 9) sc2no.wc4yes: your team will finally give up
(33:59 / 9) sc2no.wc4yes: dont show them my base
(34:03 / 9) sc2no.wc4yes: htat would lift their spirits
(34:16 / 10) Lord_Kamakazie: can I trust you though? :(
(34:20 / 9) sc2no.wc4yes: of course
(34:34 / 10) Lord_Kamakazie: im going mid after i kill this stuff
(35:32 / 9) sc2no.wc4yes: let me kill all ur stuff til they leave
(35:54 / Allies) manplay: gg
(35:56 / Allies) manplay: noob
(36:29 / 9) sc2no.wc4yes: lol
(36:30 / 9) sc2no.wc4yes: good enough
(36:31 / 10) Lord_Kamakazie: lol
(36:37 / 9) sc2no.wc4yes: i think the last guys afk
(36:40 / 10) Lord_Kamakazie: yeah
(36:43 / 10) Lord_Kamakazie: you want the chat
(36:48 / 10) Lord_Kamakazie: i can put it on highperch
(36:52 / 9) sc2no.wc4yes: ya lol